 Dungeon Crawl Stone Soup version 0.29-a0-473-gacb4ef3bc5 (webtiles) character file.

Game seed: 14563205180318947758

66642 Ijustatesigmund the Thaumaturge (level 15, -11/115 HPs)
             Began as a Gnoll Fire Elementalist on May 23, 2022.
             Was the Champion of Cheibriados.
             Engulfed by a cloud of freezing vapour (50 damage)
             ... on level 15 of the Dungeon.
             The game lasted 01:25:32 (24721 turns).

Ijustatesigmund the Thaumaturge (GnFE)             Turns: 24721, Time: 01:25:33

Health: -11/115    AC: 16    Str: 25    XL:     15   Next: 20%
Magic:  18/30      EV: 26    Int: 42    God:    Cheibriados [******]
Gold:   1506       SH:  8    Dex: 27    Spells: 8/36 levels left

rFire   . . .      SeeInvis .   z - +4 scimitar (flame)
rCold   . . .      Faith    .   h - +0 buckler
rNeg    . . .      Spirit   .   E - +0 steam dragon scales
rPois   +          Reflect  .   a - +0 helmet of Rotten Music {rPois Regen+ Str-2 Int+6}
rElec   .          Harm     .   p - +1 cloak
rCorr   .          Rampage  .   i - +1 pair of gloves {Str+3}
Will    +....                   y - +1 pair of boots
Stlth   +++++.....              l - amulet of magic regeneration
HPRegen 1.09/turn               g - +4 ring of evasion
MPRegen 0.62/turn               x - ring of wizardry

@: very slow
A: fangs 1, strong nose, distributed training
a: Renounce Religion, Bend Time, Temporal Distortion, Slouch, Step From Time


You were on level 15 of the Dungeon.
You worshipped Cheibriados.
Cheibriados was exalted by your worship.
You visited 3 branches of the dungeon, and saw 22 of its levels.
You also visited: Gauntlet and Ice Cave.

You collected 1548 gold pieces.
You spent 42 gold pieces at shops.

Inventory:

Hand Weapons
 z - a +4 scimitar of flaming (weapon)
 F - a +0 demon trident of venom
 X - the +9 mace of Inflation {vorpal, rPois rCorr Str-4}
   (You found it on level 10 of the Dungeon)

   It inflicts extra damage upon your enemies.
   Str:       It affects your strength (-4).
   rPois:     It protects you from poison.
   rCorr:     It protects you from acid and corrosion.
Armour
 a - the +0 helmet of Rotten Music (worn) {rPois Regen+ Str-2 Int+6}
   (You acquired it on level 3 of the Dungeon)

   Str:       It affects your strength (-2).
   Int:       It affects your intelligence (+6).
   rPois:     It protects you from poison.
   Regen:     It increases your rate of health regeneration.
 d - a +1 leather armour of fire resistance
 h - a +0 buckler (worn)
 i - a +1 pair of gloves of strength (worn)
 p - a +1 cloak (worn)
 y - a +1 pair of boots (worn)
 E - +0 steam dragon scales (worn)
Jewellery
 g - a +4 ring of evasion (left hand)
 l - an amulet of magic regeneration (around neck)
 x - a ring of wizardry (right hand)
 A - a ring of ice
 D - a ring of willpower
 H - a ring of poison resistance
 M - a ring of protection from cold
 R - a ring of magical power
 V - a ring of flight
 W - a +4 ring of evasion
Wands
 s - a wand of iceblast (17)
 u - a wand of digging (11)
 B - a wand of mindburst (22)
 K - a wand of acid (8)
 N - a wand of polymorph (4)
 T - a wand of paralysis (8)
Scrolls
 e - 6 scrolls of amnesia
 j - 6 scrolls of teleportation
 k - 4 scrolls of enchant weapon
 o - a scroll of summoning
 q - 3 scrolls of silence
 t - 3 scrolls of blinking
 v - 14 scrolls of identify
 w - 4 scrolls of magic mapping
 G - 4 scrolls of fog
 J - 2 scrolls of torment
 P - 3 scrolls of poison
 Z - a scroll of brand weapon
Potions
 b - a potion of magic
 c - a potion of resistance
 f - 6 potions of curing
 m - 3 potions of mutation
 n - 3 potions of attraction
 r - 6 potions of brilliance
 C - 2 potions of berserk rage
 I - a potion of invisibility
 O - 2 potions of flight
 Q - 3 potions of heal wounds
 S - a potion of lignification
 U - 4 potions of might
 Y - a potion of ambrosia
Miscellaneous
 L - a box of beasts


   Skills:
 + Level 9.9 Fighting
 + Level 9.9 Short Blades
 + Level 9.9 Long Blades
 + Level 9.9 Axes
 + Level 9.9 Maces & Flails
 + Level 9.9 Polearms
 + Level 9.9 Staves
 + Level 9.9 Slings
 + Level 9.9 Bows
 + Level 9.9 Crossbows
 + Level 9.9 Throwing
 + Level 9.9 Armour
 + Level 10.9 Dodging
 + Level 10.8 Stealth
 + Level 9.9 Shields
 + Level 9.9 Unarmed Combat
 + Level 11.1 Spellcasting
 + Level 8.6 Conjurations
 + Level 8.3 Hexes
 + Level 8.3 Summonings
 + Level 8.3 Necromancy
 + Level 8.3 Translocations
 + Level 8.3 Transmutations
 + Level 10.0 Fire Magic
 + Level 8.3 Ice Magic
 + Level 8.3 Air Magic
 + Level 8.3 Earth Magic
 + Level 8.3 Poison Magic
 + Level 10.8 Invocations
 + Level 9.9 Evocations


You had 8 spell levels left.
You knew the following spells:

 Your Spells              Type           Power      Damage    Failure   Level
a - Foxfire               Conj/Fire      100%       2x1d9     1%          1
b - Scorch                Fire           100%       2d10      1%          2
c - Flame Wave            Conj/Fire      80%        2d14      1%          4
d - Stone Arrow           Conj/Erth      100%       3d13      1%          3
e - Passwall              Tmut/Erth      62%        N/A       1%          2
f - Freezing Cloud        Conj/Ice/Air   38%        6-21      1%          5
g - Borgnjor's Vile Clut  Necr/Erth      37%        N/A       1%          5
h - Iron Shot             Conj/Erth      38%        9d8       3%          6

Your spell library contained the following spells:

 Spells                   Type           Power      Damage    Failure   Level
 Shock                    Conj/Air       100%       1d9       1%          1
 Summon Small Mammal      Summ           100%       N/A       1%          1
 Ensorcelled Hibernation  Hex/Ice        100%       N/A       1%          2
 Static Discharge         Conj/Air       76%        N/A       1%          2
 Call Canine Familiar     Summ           75%        N/A       1%          3
 Conjure Flame            Conj/Fire      80%        6-21      1%          3
 Inner Flame              Hex/Fire       79%        N/A       1%          3
 Ozocubu's Armour         Ice            75%        N/A       1%          3
 Portal Projectile        Hex/Tloc       100%       N/A       1%          3
 Spider Form              Tmut/Pois      75%        N/A       1%          3
 Summon Guardian Golem    Hex/Summ       75%        N/A       1%          3
 Swiftness                Air            75%        N/A       1%          3
 Airstrike                Air            37%        N/A       1%          4
 Anguish                  Hex/Necr       37%        N/A       1%          4
 Animate Armour           Summ/Erth      100%       N/A       1%          4
 Cause Fear               Hex            37%        N/A       1%          4
 Fulminant Prism          Conj/Hex       38%        3d18      1%          4
 Iskenderun's Mystic Bla  Conj/Tloc      76%        2d15      1%          4
 Leda's Liquefaction      Hex/Erth       37%        N/A       1%          4
 Olgreb's Toxic Radiance  Pois           75%        N/A       1%          4
 Summon Ice Beast         Ice/Summ       75%        N/A       1%          4
 Blade Hands              Tmut           37%        N/A       1%          5
 Lee's Rapid Deconstruct  Erth           37%        3d20*     1%          5
 Lightning Bolt           Conj/Air       38%        1d56      1%          5
 Summon Mana Viper        Hex/Summ       75%        N/A       1%          5
 Monstrous Menagerie      Summ           37%        N/A       17%         7
 Ozocubu's Refrigeration  Ice            37%        4d12      17%         7
 Ignition                 Fire           41%        3d12      54%         8
 Lehudib's Crystal Spear  Conj/Erth      38%        10d9      75%         8
 Discord                  Hex            37%        N/A       77%         8
 Maxwell's Capacitive Co  Air            37%        ∞         77%         8


Dungeon Overview and Level Annotations

Branches:
Dungeon (15/15)            Temple (1/1) D:7            Lair (6/6) D:9
 Shoals (0/4) Lair:2       Spider (0/4) Lair:4        Slime (0/5) Lair:6
    Orc (0/2) D:10         Vaults (0/5) D:13          IceCv (visited)
Gauntlet (visited)
 Depths: D:15

Altars:
Ashenzari
Cheibriados
Dithmenos
Elyvilon
Fedhas
Gozag
Hepliaklqana
Kikubaaqudgha
Makhleb
Nemelex Xobeh
Okawaru
Qazlal
Ru
Sif Muna
Trog
Uskayaw
Vehumet
Wu Jian
Xom
Yredelemnul
Zin
The Shining One
Beogh
Jiyva

Shops:
D:3 *:   D:13 (

Annotations:
Lair:5 2 transporters
Lair:6 1 runed translucent door


Innate Abilities, Weirdness & Mutations

You have very sharp teeth.
Your uncanny sense of smell can sniff out nearby items.
Your experience applies equally to all skills.


Message History

The zombie hands constrict the yaktaur!
The yaktaur escapes!
The yaktaur struggles to escape constriction.
The yaktaur shoots a bolt.
The bolt completely misses you.
The yaktaur struggles to escape constriction.
There is a stone staircase leading up here.
Casting: Borgnjor's Vile Clutch (mildly dangerous; 1% risk of failure)
Confirm with . or Enter, or press ? or * to list all spells.
Aiming: Iron Shot (dangerous; 3% risk of failure)
Press: ? - help, Shift-Dir - straight line, f/p - yaktaur
Aim: a yaktaur, wielding a +0 arbalest (heavily wounded, 95% to hit)
The iron shot hits the yaktaur!!!
You kill the yaktaur!
Cheibriados thoroughly appreciates the change of pace.
The zombie hands constrict the yaktaur!
The zombie hands constrict the yaktaur.
The zombie hands constrict the yaktaur!
You kill the yaktaur!
Cheibriados thoroughly appreciates the change of pace.
The yaktaur wields a +0 arbalest.
The yaktaur shoots a bolt.
The bolt barely misses you.
Casting: Iron Shot (dangerous; 3% risk of failure)
Confirm with . or Enter, or press ? or * to list all spells.
Aiming: Freezing Cloud (mildly dangerous; 1% risk of failure)
Press: ? - help, Dir - move target, f - yaktaur
Aim: a yaktaur, wielding a +0 arbalest (almost dead, constricted by zombie hands) That beam is likely to hit you.
Continue anyway?
You are engulfed in freezing vapours.
The zombie hands constrict the yaktaur! x2
You kill the yaktaur!
Cheibriados appreciates the change of pace.
The zombie hands release their grip on the yaktaur.
The yaktaur is engulfed in freezing vapours.
You kill the yaktaur!
Cheibriados thoroughly appreciates the change of pace.
The yaktaur is engulfed in freezing vapours.
The yaktaur wields a +0 arbalest.
The yaktaur shoots a bolt.
The bolt hits you!
Unknown command.
You are engulfed in freezing vapours.
The yaktaur is engulfed in freezing vapours.
The yaktaur shoots a bolt.
The bolt hits you!!
You are engulfed in freezing vapours.
You die...

#c§ #§#
#§# #§#
#§# #§#
#§# #§#
#@#
#......#
#####....
##


There were no monsters in sight!

Vanquished Creatures
  2 dire elephants (Lair:6)
  A vault guard (D:13)
  Fannar (D:12)
  7 hydras
  2 boulder beetles
  A catoblepas (Lair:6)
  A centaur warrior (D:13)
  A two-headed ogre (D:9)
  Erica (D:8)
  A deep troll shaman (Lair:6)
  A tengu warrior (D:14)
  13 death yaks
  Pikel (D:7)
  A harpy (shapeshifter) (D:14)
  An oklob plant (Lair:3)
  3 deep elf pyromancers
  8 ugly things
  A manticore (D:14)
  A cyclops (D:14)
  Maurice (D:8)
  2 ice statues (IceCv)
  5 elephants (Lair:6)
  5 black mambas
  2 gargoyles
  14 cane toads
  Maggie (D:7)
  4 kobold demonologists
  4 yaktaurs (D:15)
  14 komodo dragons
  An efreet (D:10)
  3 trolls
  7 polar bears
  2 hornets
  6 dream sheep (Lair:6)
  15 blink frogs
  2 shadows
  A wraith (D:11)
  A water elemental (D:12)
  3 wyverns
  55 yaks
  7 basilisks
  7 vampire mosquitoes (D:13)
  A steam dragon (D:10)
  Menkaure (D:6)
  2 death yak simulacra (IceCv)
  2 acid dragons
  15 water moccasins
  2 orc warriors
  2 sky beasts
  3 black bears
  14 wolves
  An ogre (D:5)
  11 centaurs
  4 lemures (D:7)
  4 kobold brigands
  A phantom (D:6)
  2 gnoll sergeants
  A scorpion (D:5)
  A cane toad simulacrum (IceCv)
  17 bullfrogs
  6 killer bees (D:10)
  6 electric eels
  3 howler monkeys
  3 hounds
  2 gnoll shamans
  7 orc priests
  4 iguanas
  A hell rat (D:9)
  8 orc wizards
  A wolf simulacrum (IceCv)
  14 gnolls
  7 adders
  2 river rats (D:9)
  17 white imps
  2 ufetubi
  2 worms
  3 dart slugs (D:3)
  32 orcs
  3 endoplasms
  3 giant cockroaches
  3 goblins (D:3)
  7 hobgoblins
  3 jackals (D:4)
  6 quokkas
  A ball python (D:3)
  6 bats
  A frilled lizard (D:3)
  13 kobolds
  9 rats
  A spectral hobgoblin (D:2)
  2 bushes
472 creatures vanquished.

Vanquished Creatures (collateral kills)
  A death knight (D:13)
1 creature vanquished.

Vanquished Creatures (others)
  An ugly thing (IceCv)
  A bat (D:3)
  A rat (D:3)
  A bush (Lair:6)
  392 foxfires
  52 fungi
  76 plants
524 creatures vanquished.

Grand Total: 997 creatures vanquished

Notes
Turn   | Place    | Note
-------+----------+-------------------------------------------
     0 | D:1      | Ijustatesigmund the Gnoll Fire Elementalist began the quest
                  | for the Orb.
     0 | D:1      | Reached XP level 1. HP: 13/13 MP: 6/6
   610 | D:1      | Reached XP level 2. HP: 19/19 MP: 3/7
   613 | D:1      | Learned a level 2 spell: Scorch
  1107 | D:2      | Found a faded altar of an unknown god.
  1903 | D:3      | Reached XP level 3. HP: 25/25 MP: 2/9
  1961 | D:3      | Reached skill level 5 in Spellcasting
  1988 | D:2      | HP: 1/25 [orc/+0 dagger (2)]
  2479 | D:3      | Reached skill level 1 in Invocations
  2749 | D:2      | Reached skill level 1 in Fighting
  2749 | D:2      | Reached skill level 1 in Short Blades
  2749 | D:2      | Reached skill level 1 in Long Blades
  2749 | D:2      | Reached skill level 1 in Axes
  2749 | D:2      | Reached skill level 1 in Maces & Flails
  2749 | D:2      | Reached skill level 1 in Polearms
  2749 | D:2      | Reached skill level 1 in Staves
  2749 | D:2      | Reached skill level 1 in Slings
  2749 | D:2      | Reached skill level 1 in Bows
  2749 | D:2      | Reached skill level 1 in Crossbows
  2749 | D:2      | Reached skill level 1 in Throwing
  2749 | D:2      | Reached skill level 1 in Armour
  2749 | D:2      | Reached skill level 1 in Shields
  2749 | D:2      | Reached skill level 1 in Unarmed Combat
  2749 | D:2      | Reached skill level 1 in Evocations
  2749 | D:2      | Reached XP level 4. HP: 26/32 MP: 6/11
  2968 | D:3      | Found an ornate altar of the Wu Jian Council.
  3302 | D:3      | Reached skill level 1 in Hexes
  3302 | D:3      | Reached skill level 1 in Summonings
  3302 | D:3      | Reached skill level 1 in Necromancy
  3302 | D:3      | Reached skill level 1 in Translocations
  3302 | D:3      | Reached skill level 1 in Transmutations
  3302 | D:3      | Reached skill level 1 in Ice Magic
  3302 | D:3      | Reached skill level 1 in Air Magic
  3302 | D:3      | Reached skill level 1 in Earth Magic
  3302 | D:3      | Reached skill level 1 in Poison Magic
  3391 | D:3      | Found a stormy altar of Qazlal.
  3399 | D:3      | Identified a scroll of acquirement
  3399 | D:3      | Acquired the +0 helmet of Rotten Music {rPois Regen+ Str-2
                  | Int+6}
  3419 | D:3      | Learned a level 4 spell: Flame Wave
  3483 | D:3      | Found Aces's General Store.
  3489 | D:3      | Found Kutoc's Book Shop.
  3492 | D:3      | Bought a scroll of teleportation for 42 gold pieces
  4070 | D:4      | Reached XP level 5. HP: 26/37 MP: 4/12
  4591 | D:4      | Found a glowing golden altar of the Shining One.
  4827 | D:5      | Entered Level 5 of the Dungeon
  4910 | D:5      | Found a shimmering blue altar of Sif Muna.
  5102 | D:5      | Noticed an ogre
  5110 | D:5      | Killed an ogre
  5111 | D:5      | Reached XP level 6. HP: 44/44 MP: 9/14
  5385 | D:5      | Reached skill level 5 in Dodging
  5508 | D:5      | Reached XP level 7. HP: 50/50 MP: 10/15
  5592 | D:5      | Found a hazy altar of Hepliaklqana.
  6369 | D:5      | Reached skill level 5 in Stealth
  6416 | D:6      | Reached XP level 8. HP: 44/57 MP: 11/16
  6461 | D:6      | Noticed Menkaure
  6466 | D:6      | Killed Menkaure
  6471 | D:6      | Found an opulent altar of Gozag.
  6542 | D:6      | Reached skill level 6 in Spellcasting
  6881 | D:6      | Found a blossoming altar of Fedhas.
  6958 | D:6      | Identified the +9 quarterstaff "Hugauh" {antimagic, rN++}
  7155 | D:7      | Found a hide-covered altar of Uskayaw.
  7349 | D:7      | Found a staircase to the Ecumenical Temple.
  7366 | D:6      | Reached XP level 9. HP: 60/65 MP: 16/18
  7528 | D:7      | Acquired the Volume of Stones and the Glacier
  7536 | D:7      | Learned a level 3 spell: Stone Arrow
  7539 | D:7      | Learned a level 2 spell: Passwall
  7850 | D:7      | Noticed Maggie
  7911 | D:8      | Noticed Pikel
  7911 | D:8      | Noticed Erica
  7977 | D:7      | Killed Pikel
  8020 | D:8      | Killed Erica
  8021 | D:8      | Reached skill level 5 in Invocations
  8108 | D:8      | Noticed Maurice
  8114 | D:8      | Killed Maurice
  8115 | D:8      | Reached skill level 7 in Spellcasting
  8115 | D:8      | Reached XP level 10. HP: 63/73 MP: 5/20
  8275 | D:8      | Reached skill level 5 in Fighting
  8275 | D:8      | Reached skill level 5 in Short Blades
  8275 | D:8      | Reached skill level 5 in Long Blades
  8275 | D:8      | Reached skill level 5 in Axes
  8275 | D:8      | Reached skill level 5 in Maces & Flails
  8275 | D:8      | Reached skill level 5 in Polearms
  8275 | D:8      | Reached skill level 5 in Staves
  8275 | D:8      | Reached skill level 5 in Slings
  8275 | D:8      | Reached skill level 5 in Bows
  8275 | D:8      | Reached skill level 5 in Crossbows
  8275 | D:8      | Reached skill level 5 in Throwing
  8275 | D:8      | Reached skill level 5 in Armour
  8275 | D:8      | Reached skill level 5 in Shields
  8275 | D:8      | Reached skill level 5 in Unarmed Combat
  8275 | D:8      | Reached skill level 5 in Evocations
  8841 | D:9      | Found a glowing silver altar of Zin.
  8930 | D:9      | Noticed a death yak
  9161 | D:7      | Killed Maggie
  9448 | D:9      | Killed a death yak
  9449 | D:9      | Reached skill level 5 in Conjurations
  9459 | D:9      | Noticed a death yak
  9476 | D:9      | Killed a death yak
  9650 | D:9      | Noticed a death yak
  9760 | D:8      | Reached XP level 11. HP: 81/81 MP: 12/22
 10032 | D:8      | Killed a death yak
 10033 | D:8      | Reached skill level 5 in Hexes
 10033 | D:8      | Reached skill level 5 in Summonings
 10033 | D:8      | Reached skill level 5 in Necromancy
 10033 | D:8      | Reached skill level 5 in Translocations
 10033 | D:8      | Reached skill level 5 in Transmutations
 10033 | D:8      | Reached skill level 5 in Ice Magic
 10033 | D:8      | Reached skill level 5 in Air Magic
 10033 | D:8      | Reached skill level 5 in Earth Magic
 10033 | D:8      | Reached skill level 5 in Poison Magic
 10321 | D:9      | Found a staircase to the Lair.
 10375 | D:9      | Noticed a two-headed ogre
 10386 | D:9      | Killed a two-headed ogre
 10387 | D:9      | Reached skill level 8 in Spellcasting
 10828 | D:9      | Found an iron altar of Okawaru.
 10953 | Temple   | Entered the Ecumenical Temple
 11161 | Temple   | Became a worshipper of Cheibriados the Contemplative
 11219 | Lair:1   | Entered Level 1 of the Lair of Beasts
 11228 | Lair:1   | Learned a level 5 spell: Freezing Cloud
 11823 | Lair:2   | Reached * piety under Cheibriados
 11873 | Lair:2   | Identified the +1 robe "Uzommuat" {rElec rC+ Will- Slay+2}
 12091 | Lair:2   | Found a staircase to the Shoals.
 12605 | Lair:2   | Reached XP level 12. HP: 89/89 MP: 16/24
 13049 | Lair:2   | Learned a level 5 spell: Borgnjor's Vile Clutch
 13250 | Lair:3   | Reached ** piety under Cheibriados
 13373 | Lair:3   | Reached skill level 9 in Spellcasting
 13745 | Lair:3   | Noticed a seven-headed hydra
 13816 | Lair:3   | Reached *** piety under Cheibriados
 13954 | Lair:3   | Killed a seven-headed hydra
 14444 | Lair:3   | Reached XP level 13. HP: 98/98 MP: 26/26
 14660 | Lair:4   | Found a gate leading to a gauntlet.
 14669 | Gauntlet | Entered a Gauntlet
 14669 | Gauntlet | Found a transporter.
 14669 | Gauntlet | Found a transporter.
 14676 | Gauntlet | Found a transporter.
 14694 | Gauntlet | Found a transporter.
 14714 | Gauntlet | Found a transporter.
 14730 | Gauntlet | Found a transporter.
 14735 | Gauntlet | Noticed a cacodemon
 14752 | Gauntlet | Found a transporter.
 14825 | Gauntlet | Found a transporter.
 14839 | Gauntlet | Found a transporter.
 14842 | Gauntlet | Noticed a green death
 14862 | Gauntlet | Found a transporter.
 15027 | Lair:4   | Reached **** piety under Cheibriados
 15078 | Lair:4   | Found a hole to the Spider Nest.
 16532 | Lair:5   | Found a transporter.
 16533 | Lair:5   | Found a transporter.
 16898 | Lair:6   | Entered Level 6 of the Lair of Beasts
 16898 | Lair:6   | Noticed a dire elephant
 17263 | Lair:6   | Reached ***** piety under Cheibriados
 17460 | Lair:6   | Killed a dire elephant
 17883 | Lair:6   | Reached skill level 10 in Spellcasting
 17942 | Lair:6   | Noticed a dire elephant
 18140 | Lair:6   | Killed a dire elephant
 18537 | Lair:5   | Reached skill level 10 in Dodging
 18537 | Lair:5   | Reached XP level 14. HP: 93/106 MP: 14/28
 18868 | Lair:6   | Reached skill level 10 in Stealth
 19029 | Lair:6   | Found a runed translucent door.
 19033 | Lair:6   | Found a viscous altar of Jiyva.
 19341 | Lair:6   | Found a staircase to the Slime Pits.
 19535 | Lair:6   | Reached skill level 10 in Invocations
 19754 | D:10     | Entered Level 10 of the Dungeon
 19831 | D:10     | Reached ****** piety under Cheibriados
 19915 | D:10     | Found a staircase to the Orcish Mines.
 19947 | D:10     | Identified the +9 mace of Inflation {vorpal, rPois rCorr
                  | Str-4}
 20755 | D:11     | Found a frozen archway.
 20792 | IceCv    | Entered an ice cave
 20848 | IceCv    | Found a transporter.
 20852 | IceCv    | Identified the +0 leather armour "Hing" {rPois Stlth+}
 20862 | IceCv    | Found a transporter.
 22724 | D:12     | Noticed Fannar
 22732 | D:12     | Killed Fannar
 23034 | D:12     | Learned a level 6 spell: Iron Shot
 23698 | D:13     | Found a sparkling altar of Nemelex Xobeh.
 23720 | D:13     | Found Zyn Civ's Antique Weapon Shoppe.
 23872 | D:13     | Found a gate to the Vaults.
 24064 | D:13     | You fall into a shaft and drop 1 floor!
 24068 | D:14     | Reached XP level 15. HP: 115/115 MP: 17/29
 24193 | D:14     | Reached skill level 11 in Spellcasting
 24488 | D:14     | Reached skill level 10 in Fire Magic
 24714 | D:15     | Entered Level 15 of the Dungeon
 24721 | D:15     | Engulfed by a cloud of freezing vapour

Illustrated notes

Levels and vault maps discovered:
D:1:      dpeg_arrival_round_a, layout_loops_ring
D:2:      layout_basic, dreamdust_ecumenical_altar_drowned_temple
D:3:      layout_basic, mainiacjoe_overflow_boulevard, grunt_qazlal_clouds,
          serial_shops, shop_fountains, shop, minmay_vboxes
D:4:      layout_cave_pods, general_overflow_altar
D:5:      layout_cave_pods, led_sif_pool, mainiacjoe_overflow_surrounded_room
D:6:      layout_basic, lemuel_coloured_pillars_altar,
          mainiacjoe_overflow_tiny_flanked, lemuel_flamethrower_1, uniq_menkaure
D:7:      layout_rooms, nicolae_uskayaw_dance_hall, temple_statues, uniq_maggie
D:8:      layout_rooms, uniq_pikel, uniq_maurice, uniq_erica
D:9:      layout_loops_cross, mainiacjoe_overflow_paths, lemuel_doored_altar,
          dpeg_lair_monsters, grunt_ministairs_8, hangedman_decor_lopped
D:10:     layout_basic, minmay_orc_entry_temple_large, serial_corexii_hall,
          corexii_hall_statues_deadend, chequers_hall_statues_wall_a
D:11:     layout_rooms, portal_ice_cave_entry_imps
D:12:     layout_basic, grunt_decor_mini_mirrors, uniq_fannar
D:13:     layout_gridville, david_vaults_5, serial_shops,
          nicolae_lakefront_shop, nicolae_shop_waterfront,
          nicolae_lakefront_shop, nemelex_spade_bored_becter
D:14:     layout_cave_pools
D:15:     hangedman_depths_entry_civil_slaughter, layout_loops_ring,
          nicolae_two_hexagons, uniq_azrael, uniq_rupert
Temple:   hc_temple_tempest_star
Lair:1:   layout_big_grid
Lair:2:   layout_misc_corridors, minmay_shoals_entry_centaurs
Lair:3:   layout_chaotic_city, st_stairs_7, grunt_forest_small_clearings,
          minmay_lair_oklob_bushes, dreamdust_mushroom_princess,
          gammafunk_lair_bear_cave
Lair:4:   layout_layer_cave, spider_nest_entry_web_field,
          gauntlet_entry_generic, lemuel_fruit_tree, infiniplex_staircase_pool_2
Lair:5:   gammafunk_boulding_lane, layout_small_grid
Lair:6:   grunt_lair_end_beastmaster, layout_cellular_growth, slime_altar_2

Skill      XL: |  1  2  3  4  5  6  7  8  9 10 11 12 13 14 15 |
---------------+----------------------------------------------+-----
Conjurations   | 2 3 4 5 6 7 8 |  8.6
Spellcasting   | 5 6 7 8 9 10 11 | 11.1
Invocations    | 1 2 3 4 5 6 7 8 9 10 | 10.8
Fighting       | 1 2 3 4 5 6 7 8 9 |  9.9
Short Blades   | 1 2 3 4 5 6 7 8 9 |  9.9
Long Blades    | 1 2 3 4 5 6 7 8 9 |  9.9
Axes           | 1 2 3 4 5 6 7 8 9 |  9.9
Maces & Flails | 1 2 3 4 5 6 7 8 9 |  9.9
Polearms       | 1 2 3 4 5 6 7 8 9 |  9.9
Staves         | 1 2 3 4 5 6 7 8 9 |  9.9
Slings         | 1 2 3 4 5 6 7 8 9 |  9.9
Bows           | 1 2 3 4 5 6 7 8 9 |  9.9
Crossbows      | 1 2 3 4 5 6 7 8 9 |  9.9
Throwing       | 1 2 3 4 5 6 7 8 9 |  9.9
Armour         | 1 2 3 4 5 6 7 8 9 |  9.9
Shields        | 1 2 3 4 5 6 7 8 9 |  9.9
Unarmed Combat | 1 2 3 4 5 6 7 8 9 |  9.9
Evocations     | 1 2 3 4 5 6 7 8 9 |  9.9
Hexes          | 1 2 3 4 5 6 7 8 |  8.3
Summonings     | 1 2 3 4 5 6 7 8 |  8.3
Necromancy     | 1 2 3 4 5 6 7 8 |  8.3
Translocations | 1 2 3 4 5 6 7 8 |  8.3
Transmutations | 1 2 3 4 5 6 7 8 |  8.3
Ice Magic      | 1 2 3 4 5 6 7 8 |  8.3
Air Magic      | 1 2 3 4 5 6 7 8 |  8.3
Earth Magic    | 1 2 3 4 5 6 7 8 |  8.3
Poison Magic   | 1 2 3 4 5 6 7 8 |  8.3
Dodging        | 5 6 7 8 9 10 | 10.9
Stealth        | 5 6 7 8 9 10 | 10.8
Fire Magic     | 6 7 8 9 10 | 10.0

Action                   |  1- 3 |  4- 6 |  7- 9 | 10-12 | 13-15 || total
-------------------------+-------+-------+-------+-------+-------++-------
Melee: Hand axe          |     2 |     2 |       |       |       ||     4
       Battleaxe         |       |    30 |       |       |       ||    30
       Bite              |       |     5 |     1 |    27 |    26 ||    59
       Punch             |       |     1 |       |       |       ||     1
       Spear             |       |       |    21 |   170 |   200 ||   391
       Scimitar          |       |       |       |       |    50 ||    50
 Cast: Foxfire           |    39 |    56 |    46 |    31 |    75 ||   247
       Scorch            |    16 |    21 |    55 |    22 |    11 ||   125
       Stone Arrow       |       |       |    45 |   212 |   139 ||   396
       Passwall          |       |       |     4 |       |       ||     4
       Freezing Cloud    |       |       |       |    17 |    44 ||    61
       Borgnjor's Vile C |       |       |       |       |    76 ||    76
       Flame Wave        |       |       |       |       |    11 ||    11
       Iron Shot         |       |       |       |       |    17 ||    17
Evoke: Wand              |       |       |     2 |     9 |     1 ||    12
  Use: Scroll            |     5 |    10 |     4 |     7 |    13 ||    39
       Potion            |     1 |     1 |       |       |     4 ||     6
 Stab: Sleeping          |       |     1 |       |       |     9 ||    10
       Distracted        |       |       |       |     1 |       ||     1
       Invisible         |       |       |       |       |     3 ||     3
Armor: Robe              |     4 |       |       |       |       ||     4
       Leather armour    |     2 |    21 |    26 |       |       ||    49
       Steam dragon scal |       |       |       |    57 |    49 ||   106
Dodge: Dodged            |    32 |    92 |   119 |   221 |   322 ||   786
Block: Buckler           |       |       |    22 |    74 |   150 ||   246

Table legend: (Time is in decaauts)
 A = Elapsed time spent in this place.
 B = Non-inter-level travel time spent in this place.
 C = Inter-level travel time spent in this place.
 D = Time resting spent in this place.
 E = Time spent auto-exploring this place.
 F = Levels seen in this place.
 G = Mean time per level.
                   A        B        C        D        E       F      G
               +--------+--------+--------+--------+--------+-----+--------+
         Total |  30718 |  29570 |   1148 |   7295 |  17200 |  24 | 1279.9 |
       Dungeon |  18724 |  18029 |    695 |   4708 |  10623 |  15 | 1248.3 |
        Temple |    227 |    187 |     40 |      0 |    176 |   1 |  227.0 |
          Lair |  11188 |  10776 |    412 |   2553 |   6400 |   6 | 1864.7 |
      Ice Cave |    235 |    235 |      0 |     34 |      0 |   1 |  235.0 |
      Gauntlet |    342 |    342 |      0 |      0 |      0 |   1 |  342.0 |
               +--------+--------+--------+--------+--------+-----+--------+

Top non-repeatable levels by time:
  Lair:6: 3139 daAuts
    D:12: 2405 daAuts
  Lair:5: 2107 daAuts
  Lair:3: 1936 daAuts
     D:2: 1847 daAuts
  Lair:4: 1769 daAuts
     D:9: 1612 daAuts
    D:10: 1606 daAuts
  Lair:2: 1512 daAuts
     D:5: 1440 daAuts
    D:13: 1303 daAuts
    D:11: 1278 daAuts
     D:4: 1253 daAuts
     D:8: 1218 daAuts
    D:14: 1018 daAuts
